 Dungeon Sprint DCSS version 0.30-a0-823-geb93a13fce (webtiles) character file.

Game seed: 5460100934824836977

1012 NinjaNoafa the Cleaver (level 8, -7/71 HPs)
             Began as a Hill Orc Monk on Feb 27, 2023.
             Was a Priest of Hepliaklqana.
             Mangled by a merfolk
             ... wielding a +0 trident
              (11 damage)
             ... in the Dungeon (Sprint VII: "The Pits").
             The game lasted 00:04:10 (397 turns).

NinjaNoafa the Cleaver (Hill Orc Monk)               Turns: 397, Time: 00:04:11

Health: -7/71      AC: 11    Str: 16    XL:     8   Next: 21%
Magic:  16/16      EV: 10    Int: 10    God:    Hepliaklqana [***...]
Gold:   0          SH:  0    Dex: 13    Spells: 7/7 levels left

rFire   . . .      SeeInvis .    b - +4 battleaxe
rCold   . . .      Faith    .    (shield currently unavailable)
rNeg    . . .      Spirit   .    j - +3 scale mail
rPois   .          Reflect  .    (no helmet)
rElec   .          Harm     .    (no cloak)
rCorr   .          Rampage  .    (no gloves)
Will    .....      NoTele   +    (no boots) Stlth
                                 (no amulet)
HPRegen 0.31/turn                (no ring)
MPRegen 0.15/turn                (no ring)

@: no status effects
A: reduced essence
a: Renounce Religion, Recall Ancestor, Ancestor Identity, Transference


You were in the Dungeon.
You worshipped Hepliaklqana.
Hepliaklqana was most pleased with you.
You visited 1 branch

Inventory:

Hand Weapons
 b - a +4 battleaxe (weapon)
Armour
 j - a +3 scale mail (worn)
Scrolls
 i - a scroll of blinking
 k - 5 scrolls of amnesia
 l - a scroll of butterflies
 m - 2 scrolls of vulnerability
Potions
 a - 2 potions of invisibility
 d - 5 potions of curing
 e - 4 potions of heal wounds
 f - a potion of haste
 g - 4 potions of magic
 h - 3 potions of berserk rage


   Skills:
 - Level 10.0 Fighting
 + Level 14.0 Axes
 - Level 8.0 Armour
 - Level 2.4 Dodging
 - Level 1.5 Stealth
 + Level 11.9 Invocations


You had 7 spell levels left.
You didn't know any spells.
Your spell library was empty.

Dungeon Overview and Level Annotations

Branches:
Dungeon (1/1)

Altars:
Ashenzari
Cheibriados
Dithmenos
Elyvilon
Fedhas
Gozag
Hepliaklqana
Kikubaaqudgha
Makhleb
Nemelex Xobeh
Okawaru
Qazlal
Ru
Sif Muna
Trog
Uskayaw
Vehumet
Wu Jian
Xom
Yredelemnul
Zin
The Shining One
Beogh
Jiyva
Lugonu


Message History

You start resting.
Walt emerges from the mists of memory!
You start resting.
You start resting.
HP restored.
You open the door.
A mummy comes into view.
You slice the mummy!!
You destroy the mummy!
There is an open door here.
You open the door.
A merfolk comes into view. It is wielding a +0 trident.
The merfolk shouts!
The merfolk hits you from afar with a +0 trident!!
The merfolk hits you from afar with a +0 trident!
Walt hits the merfolk with a +0 quarterstaff!
You swap places.
The merfolk hits you with a +0 trident.
Walt points at the merfolk and mumbles some strange words.
The stone arrow hits the merfolk!
There is an open door here.
You hit the merfolk but do no damage.
The merfolk is heavily wounded.
The merfolk hits you but does no damage.
You slash the merfolk!
The merfolk is severely wounded.
The merfolk hits you with a +0 trident!
* * * LOW HITPOINT WARNING * * *
You completely miss the merfolk.
The merfolk is severely wounded.
The merfolk hits you with a +0 trident.
* * * LOW HITPOINT WARNING * * *
You closely miss the merfolk.
The merfolk is severely wounded.
The merfolk closely misses you.
You swap places.
The merfolk hits you from afar with a +0 trident!!
* * * LOW HITPOINT WARNING * * *
Walt closely misses the merfolk.
The merfolk hits you from afar with a +0 trident!
You die...

#)#...)))[.##.......#
#'###########.......#
#.......# #########
#.......# #...#...#
#..###..#+#
#...#...#m+
#.......#R#
#.......@.#
###########


You could see the friendly Walt the battlemage and a merfolk (ally target).

Vanquished Creatures
  Prince Ribbit (D)
  A warg (D)
  A floating eye (D)
  A phantom (D)
  A scorpion (D)
  8 wights (D)
  A mummy (D)
  A river rat (D)
  An ufetubus (D)
  A bat (D)
  A jackal zombie (D)
18 creatures vanquished.

Vanquished Creatures (collateral kills)
  A gnoll (D)
  A river rat (D)
  2 endoplasms (D)
  A rat (D)
5 creatures vanquished.

Vanquished Creatures (others)
  2 battlemagi (D)
2 creatures vanquished.

Grand Total: 25 creatures vanquished

Notes
Turn   | Place    | Note
-------+----------+-------------------------------------------
     0 | D        | NinjaNoafa the Hill Orc Monk began the quest for the Orb.
     0 | D        | Reached XP level 1. HP: 19/19 MP: 1/1
     9 | D        | Noticed a floating eye
    15 | D        | Paralysed by a floating eye for 4 turns
    19 | D        | Killed a floating eye
    20 | D        | Reached skill level 7 in Axes
    20 | D        | Reached skill level 5 in Armour
    20 | D        | Reached XP level 2. HP: 34/34 MP: 2/2
    20 | D        | Reached XP level 3. HP: 39/39 MP: 3/3
    20 | D        | Reached XP level 4. HP: 47/47 MP: 4/4
    45 | D        | Found a bloodstained altar of Trog.
    45 | D        | Found a shimmering blue altar of Sif Muna.
    45 | D        | Found a viscous altar of Jiyva.
    45 | D        | Found a hazy altar of Hepliaklqana.
    45 | D        | Found an opulent altar of Gozag.
    46 | D        | Found a glowing golden altar of the Shining One.
    46 | D        | Found a glowing silver altar of Zin.
    46 | D        | Found a basalt altar of Yredelemnul.
    46 | D        | Found a shimmering altar of Xom.
    46 | D        | Found an ornate altar of the Wu Jian Council.
    46 | D        | Found a sacrificial altar of Ru.
    46 | D        | Found a stormy altar of Qazlal.
    46 | D        | Found an iron altar of Okawaru.
    46 | D        | Found a sparkling altar of Nemelex Xobeh.
    46 | D        | Found a burning altar of Makhleb.
    46 | D        | Found a blossoming altar of Fedhas.
    46 | D        | Found a white marble altar of Elyvilon.
    46 | D        | Found a shadowy altar of Dithmenos.
    46 | D        | Found a snail-covered altar of Cheibriados.
    47 | D        | Found a radiant altar of Vehumet.
    47 | D        | Found a corrupted altar of Lugonu.
    47 | D        | Found a roughly hewn altar of Beogh.
    48 | D        | Found an ancient bone altar of Kikubaaqudgha.
    48 | D        | Found a hide-covered altar of Uskayaw.
    48 | D        | Found a broken altar of Ashenzari.
    53 | D        | Became a worshipper of Hepliaklqana the Forgotten
    53 | D        | Reached * piety under Hepliaklqana
    53 | D        | Reached ** piety under Hepliaklqana
    54 | D        | Remembered your ancestor Walt as a battlemage
    81 | D        | Reached skill level 1 in Invocations
    88 | D        | Reached skill level 8 in Axes
    88 | D        | Reached XP level 5. HP: 46/46 MP: 4/6
   147 | D        | Noticed a phantom
   157 | D        | Killed a phantom
   158 | D        | Reached skill level 9 in Axes
   158 | D        | Reached *** piety under Hepliaklqana
   158 | D        | Noticed Prince Ribbit
   158 | D        | Noticed a warg
   168 | D        | Reached skill level 5 in Invocations
   168 | D        | Reached XP level 6. HP: 55/55 MP: 7/10
   173 | D        | Reached skill level 10 in Axes
   192 | D        | Reached skill level 10 in Fighting
   202 | D        | Reached skill level 11 in Axes
   202 | D        | Reached XP level 7. HP: 41/64 MP: 11/13
   205 | D        | Killed a warg
   206 | D        | Reached skill level 12 in Axes
   216 | D        | Reached skill level 10 in Invocations
   218 | D        | Reached skill level 13 in Axes
   241 | D        | Killed Prince Ribbit
   242 | D        | Reached skill level 14 in Axes
   242 | D        | Reached XP level 8. HP: 27/71 MP: 16/16
   389 | D        | Noticed a merfolk
   397 | D        | Mangled by a merfolk

Illustrated notes

Levels and vault maps discovered:
D:        pitsprint [storerooms_1, entrance_room_1, metal_vault_6, armoury_2,
          mini_pit_1, grid_room_1, main_hall_1, silver_pit, the_coven_1,
          the_vestibule_1, steel_vault_2, golden_pit, hallway_of_sentries,
          crystal_vault_2, iron_vault_1, final_vault]

Skill      XL: |  1  2  3  4  5  6  7 |
---------------+----------------------+-----
Fighting       | 7 8 10 | 10.0
Axes           | 7 8 9 11 14 | 14.0
Armour         | 5 7 8 |  8.0
Invocations    | 1 5 8 11 | 11.9
Dodging        | |  2.4
Stealth        | |  1.5

Action                     |  1- 3 |  4- 6 |  7- 9 || total
---------------------------+-------+-------+-------++-------
  Melee: Hand axe          |     5 |    35 |    23 ||    63
         Battleaxe         |       |       |     5 ||     5
 Invoke: Ancestor Life: Ba |       |     1 |       ||     1
         Ancestor Identity |       |     1 |       ||     1
    Use: Potion            |       |     2 |     2 ||     4
   Stab: Sleeping          |     1 |     1 |       ||     2
 Armour: Robe              |       |     1 |       ||     1
         Scale mail        |       |     9 |     3 ||    12
  Dodge: Dodged            |       |    21 |     8 ||    29

Table legend: (Time is in decaauts)
 A = Elapsed time spent in this place.
 B = Non-inter-level travel time spent in this place.
 C = Inter-level travel time spent in this place.
 D = Time resting spent in this place.
 E = Time spent auto-exploring this place.
 F = Levels seen in this place.
 G = Mean time per level.
                   A        B        C        D        E       F      G
               +--------+--------+--------+--------+--------+-----+--------+
         Total |    400 |    380 |     20 |    111 |      1 |   1 |  400.0 |
       Dungeon |    400 |    380 |     20 |    111 |      1 |   1 |  400.0 |
               +--------+--------+--------+--------+--------+-----+--------+

Top non-repeatable levels by time:
       D: 400 daAuts
